Unix NetHack Version 3.7.0-94 Work-in-progress - last build Dec 13 2023 01:40:03 (eb5afe49d650b6f5c6196fad733e3b2b9fb6c025,branch:master). Game began 2023-12-14 08:06:56, ended 2023-12-14 09:50:29. elenmirie, neutral female human Priestess ----------- ----------- |.........| ---....|....| |.........| |>...00|00..| |.........| ---.........| |....<....| |....|....| |....@....| ---------.-| |...u.....| |.....|.0..| |.........| |.....|....| |.........| |..........| |%----------------.....|....| |......................|....| ----------------------------- Elenmirie the Adept St:16 Dx:13 Co:16 In:7 Wi:17 Ch:9 Neutral Dlvl:5 $:113 HP:0(65) Pw:117(126) AC:1 Xp:8/1486 T:8103 Hungry Latest messages: You succeed in unlocking the door. The door opens. You are beginning to feel weak. You hit the giant beetle! The giant beetle bites! You hit the giant beetle! You kill the giant beetle! There is an open door here. You see here an uncursed giant beetle corpse. You see here an uncursed egg. There is an uncursed egg here; eat it? [ynq] (n) y Blecch! Rotten food! You feel rather light headed. You only feel hungry now. A mysterious force prevents the white unicorn from teleporting! A mysterious force prevents the white unicorn from teleporting! A mysterious force prevents the white unicorn from teleporting! You feel less confused now. You see here an uncursed aluminum wand. D - an uncursed aluminum wand. You see here an uncursed tiger eye ring. F - an uncursed tiger eye ring. The white unicorn misses! The white unicorn misses! The white unicorn butts! The white unicorn kicks! What do you want to zap? [gyAC-EMXY or ?*] M In what direction? b The bolt of fire hits the white unicorn! The bolt of fire bounces! The bolt of fire bounces! The white unicorn butts! The white unicorn kicks! The white unicorn butts! The white unicorn just misses! You hit the white unicorn! The white unicorn butts! The white unicorn kicks! The white unicorn butts! The white unicorn misses! You miss the white unicorn. The white unicorn butts! The white unicorn kicks! The white unicorn butts! You die... Do you want your possessions identified? [ynq] (y) y Do you want to see your attributes? [ynq] (y) y Do you want an account of creatures vanquished? [ynaq] (y) y Do you want to see your conduct and achievements? [ynq] (y) y Do you want to see the dungeon overview? [ynq] (y) y Inventory: Coins $ - 113 gold pieces Weapons t - 6 uncursed +1 darts B - 36 uncursed +0 darts (at the ready) a - a blessed rusty +1 mace (weapon in right hand) Armor G - a blessed +1 orcish helm (being worn) q - a blessed fireproof +0 pair of jumping boots (being worn) c - an uncursed +0 small shield (being worn) b - a blessed +0 robe (being worn) l - an uncursed +0 studded leather armor (being worn) Comestibles f - an uncursed sprig of wolfsbane o - 4 uncursed tripe rations L - an uncursed lizard corpse Rings d - an uncursed ring of free action (on left hand) v - a cursed -1 ring of gain strength F - an uncursed ring of invisibility W - an uncursed ring of teleport control (on right hand) p - a cursed ring of teleportation Wands A - an uncursed wand of cancellation (0:7) g - an uncursed wand of create monster (0:6) Y - an uncursed wand of digging (0:6) M - an uncursed wand of fire (0:3) y - a blessed wand of magic missile (0:2) X - an uncursed wand of make invisible (0:5) C - an uncursed wand of polymorph (0:6) D - an uncursed wand of striking (0:8) E - an uncursed wand of undead turning (0:6) Tools w - an uncursed bag of holding containing 23 items j - an uncursed mirror e - an uncursed skeleton key x - an uncursed towel Contents of the bag of holding: 297 gold pieces an uncursed +0 dwarvish mithril-coat 2 blessed scrolls of blank paper 2 uncursed scrolls of blank paper a cursed scroll of destroy armor a blessed scroll of earth an uncursed scroll of earth a blessed scroll of enchant armor an uncursed scroll of enchant weapon 2 uncursed scrolls of identify a cursed scroll of identify an uncursed scroll of remove curse an uncursed scroll of scare monster an uncursed scroll of teleportation a cursed spellbook of magic mapping a cursed potion of gain level an uncursed potion of healing an uncursed potion of levitation an uncursed potion of object detection an uncursed potion of oil an uncursed potion of restore ability 3 potions of holy water 2 uncursed potions of water Elenmirie the Priestess's attributes: Background: You were an Adept, a level 8 human Priestess. You were neutral, on a mission for Raijin who was opposed by Amaterasu Omikami (lawful) and Susanowo (chaotic). You were right-handed. You were in Sokoban, on level 5. You entered the dungeon 8103 turns ago. There was a new moon in effect when your adventure ended. You had 1486 experience points, 1074 more were needed to attain level 9. Basics: You had 0 out of 65 hit points. You had 117 out of 126 energy points (spell power). Your armor class was 1. Your wallet contained 113 zorkmids, and you had 297 more stashed away in your pack. Autopickup was on for '$' plus thrown. Final Characteristics: Your strength was 16 (limit:18/100). Your dexterity was 13 (limit:18). Your constitution was 16 (limit:18). Your intelligence was 7 (limit:18). Your wisdom was 17 (peak:18, limit:18). Your charisma was 9 (limit:18). Final Status: You were hungry. You were unencumbered. You were wielding a mace. You had expert skill with mace. Final Attributes: You were piously aligned. You were telepathic. You could jump. You had teleport control. You were guarded. You had free action. You are dead. Miscellaneous: You never encountered a bones level. Total elapsed playing time was 1 hour, 43 minutes and 33 seconds. Major events: Turn 1: elenmirie the neutral human Priestess entered the dungeon 1261: attained the rank of Acolyte (level 3) 3719: entered the Gnomish Mines 3916: attained the rank of Adept (level 6) 6709: entered Sokoban 7436: completed 1st Sokoban level 8063: completed 2nd Sokoban level 8103: killed by a white unicorn Vanquished creatures: a small mimic a leather golem 2 giant beetles 2 lizards a dingo a dwarf leader a human zombie a rope golem 2 Woodland-elves a soldier ant a wood nymph a water nymph 15 Uruk-hai 2 ponies a fog cloud a shrieker a violet fungus 3 gnome leaders a ghoul a straw golem a paper golem a little dog 3 floating eyes a dwarf a homunculus a kobold shaman 14 hill orcs 4 rothes 2 centipedes 2 giant bats a monkey 4 dwarf zombies a wererat a werejackal 6 iguanas 6 coyotes a gas spore a hobbit 2 manes 2 large kobolds a hobgoblin a giant rat a brown mold 4 yellow molds a green mold a red mold 7 gnomes 4 geckos 9 jackals a fox 3 kobolds 7 goblins 3 sewer rats 12 grid bugs 2 bats 4 lichens a kobold zombie 8 newts 165 creatures vanquished. No species were genocided or became extinct. Voluntary challenges: You read items or engraved 3 times. You never engraved Elbereth. You never genocided any monsters. You never polymorphed an object. You never changed form. You used no wishes. You did not violate any of the special Sokoban rules. Achievements: You entered a shop. You attained the rank of Acolyte. You entered the Gnomish Mines. You attained the rank of Adept. You entered Sokoban. The Dungeons of Doom: levels 1 to 8 Level 1: Level 2: A general store, a fountain, a sink. Level 3: A fountain, a sink. Level 4: Some fountains. Stairs down to The Gnomish Mines. Level 5: A potion shop, an altar to Raijin, a fountain. Level 6: Many fountains. Oracle of Delphi. Level 7: Many fountains, a grave. Stairs up to Sokoban, level 6. Level 8: The Gnomish Mines: levels 5 to 6 Level 5: Level 6: Sokoban: levels 6 up to 5 Level 5: <- You were here. Solved. Final resting place for you, killed by a white unicorn. Level 6: Solved. Game over: ---------- / \ / REST \ / IN \ / PEACE \ / \ | elenmirie | | 410 Au | | killed by a | | white unicorn | | | | | | 2023 | *| * * * | * _________)/\\_//(\/(/\)/\//\/|_)_______ Goodbye elenmirie the Priestess... You died in Sokoban on dungeon level 5 with 6703 points, and 410 pieces of gold, after 8103 moves. You were level 8 with a maximum of 65 hit points when you died.